Map: Rhoskallian LE

Players

dulongvong

  • Race: Terran Terran
  • League: Platinum
  • Spawn Location: 6:00

Baubbles

  • Race: Protoss Protoss
  • Spawn Location: 5:00

qqq

  • Race: Zerg Zerg
  • League: Platinum
  • Spawn Location: 11:00

Massa

  • Race: Terran Terran
  • League: Gold
  • Spawn Location: 12:00

VOD

Have the link to the VOD?

Description

Time

  • Played on: May 26, 2020, 1:04 p.m.
  • Length: 8:49
Show
View Real Time Build Order
Export as new Build Order

dulongvong Terran 

Build Orders:  

Get SALT Encoding   

  12  0:01  SCV  
  13  0:17  Supply Depot  
  13  0:18  SCV  
  14  0:26  Refinery  
  14  0:30  SCV  
  15  0:42  Barracks  
  15  0:46  SCV  
  16  0:58  SCV  
  17  1:10  SCV  
  18  1:22  SCV  
  19  1:28  Supply Depot  
  19  1:29  Marine  
  20  1:34  SCV  
  20  1:36  Factory  
  21  1:43  Barracks  
  21  1:49  Refinery  
  21  1:53  Marine  
  22  2:11  Marine  
  22  2:13  Supply Depot  
  23  2:21  Factory Tech Lab  
  23  2:25  Orbital Command  
  23  2:28  Marine  
  24  2:30  Marine  
  25  2:40  Supply Depot  
  25  2:52  Siege Tank  
  28  3:00  Marine x2  
  30  3:18  Marine x2  
  30  3:19  SCV  
  33  3:36  SCV  
  33  3:39  Barracks Tech Lab  
  33  3:40  Barracks Reactor  
  34  3:43  Siege Tank  
  34  3:47  Starport  
  37  3:52  Supply Depot  
  37  4:13  Combat Shield  
  37  4:14  Marine  
  38  4:17  Marine x2  
  38  4:20  Siege Tank  
  43  4:32  Marine  
  43  4:36  Medivac  
  45  4:44  Marine x2  
  47  4:49  Marine  
  47  5:01  Siege Tank  
  47  5:02  Marine x2  
  52  5:07  Marine  
  52  5:11  Supply Depot  
  52  5:12  Supply Depot  
  53  5:19  Marine  
  53  5:20  Marine  
  55  5:32  Marine, Medivac  
  58  5:37  Marine  
  58  5:38  Marine  
  60  5:42  Engineering Bay  
  60  5:50  Marine  
  61  6:31  Liberator  
  61  6:32  Marine x3  
  67  6:46  Command Center  
  67  6:50  Marine x3  
  70  7:08  Marine  
  71  7:16  Supply Depot x2  
  71  7:17  Supply Depot  
  71  7:19  Supply Depot  
  71  7:36  Starport Reactor  
  71  7:37  Marine x3, Siege Tank  
  77  7:55  Marine x3  
  80  8:13  Marine x3  
  83  8:31  Marine  
Show
View Real Time Build Order
Export as new Build Order

Baubbles Protoss 

Build Orders:  

Get SALT Encoding   

  12  0:01  Probe  
  13  0:17  Pylon  
  13  0:19  Probe  
  14  0:32  Probe  
  15  0:36  Assimilator  
  15  0:44  Gateway  
  15  0:46  Probe  
  16  1:01  Probe  
  17  1:13  Probe  
  18  1:25  Probe  
  19  1:33  Cybernetics Core  
  19  1:35  Gateway  
  19  1:40  Gateway  
  19  1:42  Gateway  
  19  1:45  Pylon  
  19  1:53  Assimilator  
  19  2:16  Protoss Air Weapons Level 1 (Chrono Boost)  
  19  2:23  Probe  
  19  2:29  Stalker  
  22  2:35  Probe  
  23  2:54  Probe  
  24  3:01  Gateway  
  24  3:10  Pylon  
  24  3:49  Warp Gate (Chrono Boost)  
  24  4:04  Gateway  
  24  4:29  Nexus  
  24  5:10  Pylon  
  24  5:28  Pylon  
  24  5:30  Shield Battery  
  24  5:34  Stalker x3  
  24  5:35  Stalker x2  
  34  5:41  Gateway  
  34  5:44  Probe (Chrono Boost)  
  35  5:55  Probe (Chrono Boost)  
  36  5:58  Stalker  
  36  5:59  Probe (Chrono Boost), Stalker x4  
  47  6:11  Probe  
  48  6:23  Probe  
  49  6:38  Probe (Chrono Boost), Nexus  
  50  6:42  Pylon  
  51  6:47  Sentry  
  51  6:48  Probe (Chrono Boost)  
  51  6:49  Stalker x3  
  51  6:53  Probe (Chrono Boost)  
  60  7:04  Probe  
  61  7:16  Probe  
  61  7:21  Pylon  
  62  7:22  Pylon  
  62  7:26  Sentry x4  
  70  7:31  Stalker x2  
  74  7:55  Probe (Chrono Boost)  
  76  8:06  Probe (Chrono Boost)  
  76  8:10  Probe (Chrono Boost)  
  77  8:21  Probe  
  60  8:33  Probe  
  55  8:39  Stalker  
  55  8:40  Stalker x5  
Show
View Real Time Build Order
Export as new Build Order

qqq Zerg 

Build Orders: Hatch First 

Get SALT Encoding   

  12  0:02  Drone  
  13  0:39  Hatchery  
  12  0:50  Spawning Pool  
  11  1:00  Overlord  
  11  1:03  Drone  
  12  1:07  Extractor  
  12  1:11  Drone  
  12  1:21  Drone  
  13  1:35  Drone  
  13  1:36  Drone  
  15  1:41  Queen  
  17  1:56  Queen  
  19  2:01  Drone  
  19  2:07  Drone  
  21  2:13  Drone  
  21  2:15  Drone  
  23  2:23  Metabolic Boost  
  23  2:29  Zergling x2  
  24  2:31  Zergling x2  
  25  2:40  Drone x2  
  25  2:42  Zergling x2  
  28  2:48  Overlord  
  28  2:58  Overlord  
  28  3:04  Lair  
  28  3:09  Zergling x2  
  28  3:10  Zergling x2  
  30  3:13  Drone  
  30  3:16  Zergling x2  
  32  3:22  Zergling x2  
  32  3:23  Drone  
  32  3:25  Zergling x2  
  35  3:37  Zergling x6  
  39  3:41  Drone x2  
  39  3:44  Overlord  
  41  3:48  Zergling x2  
  41  3:55  Drone  
  42  3:57  Zergling x2, Evolution Chamber  
  42  4:02  Zergling x2  
  43  4:11  Zergling x2  
  43  4:12  Zergling x2  
  43  4:14  Overlord  
  43  4:16  Drone x3  
  48  4:31  Zerg Melee Weapons Level 1  
  48  4:34  Zergling x4  
  48  4:35  Zergling x2  
  48  4:36  Zergling x4  
  53  4:42  Drone  
  54  5:04  Zergling x4  
  54  5:05  Zergling x4  
  58  5:13  Hatchery  
  57  5:14  Infestation Pit  
  57  5:15  Drone x2  
  57  5:16  Drone x2  
  57  5:21  Overlord  
  60  5:41  Drone x2, Extractor  
  61  5:46  Spore Crawler x2  
  61  5:48  Spore Crawler  
  58  5:50  Spore Crawler  
  58  5:52  Spore Crawler  
  58  5:53  Spore Crawler  
  58  5:54  Drone  
  55  5:57  Spore Crawler  
  55  5:58  Drone, Spore Crawler  
  55  5:59  Drone  
  55  6:13  Zergling x6  
  55  6:16  Zergling x6  
  55  6:17  Drone  
  62  6:18  Zergling x2  
  62  6:25  Zerg Ground Armor Level 1  
  60  6:29  Overlord  
  60  6:39  Hive  
  60  6:45  Overlord  
  60  6:46  Overlord x2  
  60  6:57  Zergling x2  
  60  7:00  Zergling x6  
  60  7:01  Zergling x4  
  66  7:07  Drone x3  
  70  7:08  Drone x4  
  73  7:35  Zergling x4  
  75  7:44  Drone x3  
  77  7:46  Extractor, Zergling x2  
  77  7:47  Extractor, Zergling x6  
  80  7:52  Drone  
  80  7:54  Evolution Chamber  
  80  7:56  Drone  
  80  7:57  Zergling x4  
  50  8:43  Ultralisk Cavern  
Show
View Real Time Build Order
Export as new Build Order

Massa Terran 

Build Orders:  

Get SALT Encoding   

  12  0:13  SCV  
  13  0:19  Supply Depot  
  13  0:25  SCV  
  14  0:38  SCV  
  15  0:43  Barracks  
  15  0:50  SCV  
  16  1:02  SCV  
  17  1:14  SCV  
  18  1:26  Refinery, SCV  
  19  1:36  Command Center  
  19  1:43  Bunker  
  19  1:46  Marine  
  20  1:50  SCV  
  21  2:02  SCV  
  22  2:17  Marine  
  23  2:24  Barracks  
  23  2:31  Orbital Command  
  23  2:41  Supply Depot  
  23  2:47  Marine, Supply Depot  
  25  2:51  SCV  
  25  3:03  SCV  
  25  3:05  Marine  
  27  3:13  Marine  
  27  3:14  Factory  
  28  3:23  Marine  
  29  3:27  Barracks  
  29  3:30  Marine  
  30  3:40  Engineering Bay  
  30  3:41  Marine  
  30  3:42  SCV  
  32  3:48  Marine  
  32  3:49  SCV  
  32  3:54  SCV  
  35  3:59  Factory Tech Lab, Marine  
  35  4:01  SCV  
  37  4:06  SCV, Marine  
  39  4:17  Barracks  
  39  4:18  Missile Turret  
  39  4:19  Barracks Reactor  
  39  4:22  Siege Tank  
  42  4:31  Missile Turret  
  42  4:36  Marine  
  42  4:37  Marine  
  43  4:39  Missile Turret  
  43  4:52  Missile Turret  
  43  4:54  Orbital Command  
  43  4:55  SCV  
  44  5:06  Barracks Tech Lab  
  44  5:07  SCV  
  44  5:09  Barracks Reactor  
  44  5:10  Marine x3  
  48  5:14  Missile Turret  
  48  5:20  SCV  
  49  5:27  Marine  
  49  5:28  Marine  
  51  5:32  SCV  
  51  5:34  Missile Turret  
  52  5:38  SCV  
  53  5:44  SCV  
  54  5:50  Supply Depot  
  54  5:57  Missile Turret x2  
  54  6:03  Missile Turret  
  54  6:11  Marine x3  
  54  6:12  SCV, Marauder  
  54  6:13  Supply Depot  
  60  6:18  Missile Turret  
  60  6:23  Missile Turret  
  60  6:25  Marine x2  
  62  6:34  Marine x2  
  62  6:35  Marauder, Marine, Siege Tank  
  62  6:36  Supply Depot x2  
  70  6:42  Terran Infantry Weapons Level 1  
  70  6:57  Marine x4  
  70  6:58  Marauder  
  70  6:59  Supply Depot  
  75  7:15  Marine x3  
  75  7:20  Marine x3  
  81  7:31  Supply Depot  
  81  7:33  Marine x3  
  84  7:38  Marine x2  
  86  7:48  Supply Depot  
  86  7:52  Marine x3  
  86  7:53  Marauder  
  86  7:55  Supply Depot  
  86  7:56  Marine  
  91  8:10  Supply Depot  
  91  8:14  Marauder  
  91  8:18  Supply Depot  
  59  8:29  Marine x5  
  59  8:33  Supply Depot  
  57  8:40  Supply Depot  
Tags
 
Add a new tag
Caveats
  • Supply blocks, unpowered buildings, or Contaminate may cause inaccurate times.
  • Supply counts are checked every 10 seconds.